 Dungeon Crawl Stone Soup version 0.22-a0-897-g1b7a381375 (webtiles) character file.

79 Htamos the Skirmisher (level 4, 0/37 HPs)
             Began as a Mummy Fighter on July 31, 2018.
             Was an Initiate of Cheibriados.
             Slain by a worm (8 damage)
             ... on level 3 of the Dungeon.
             The game lasted 00:03:05 (2363 turns).

Htamos the Skirmisher (Mummy Fighter)               Turns: 2363, Time: 00:03:05

Health: 0/37       AC:  7    Str: 20    XL:     4   Next: 16%
Magic:  4/4        EV:  7    Int:  8    God:    Cheibriados [......]
Gold:   96         SH:  9    Dex: 13    Spells: 3/3 levels left

rFire    x . .     SeeInvis .   a - +0 flail
rCold    + . .     Gourm    .   c - +0 shield
rNeg     + + +     Faith    .   b - +0 scale mail
rPois    ∞         Spirit   .   (no helmet)
rElec    .         Reflect  .   (no cloak)
rCorr    .         Harm     .   (no gloves)
MR       .....                  l - +0 pair of boots
Stlth    ..........             (no amulet)
HPRegen  0.12/turn              (no ring)
MPRegen  0.09/turn              (no ring)

@: very slow
A: no food or potions, fire vulnerability, cold resistance 1, negative energy
resistance 3, torment resistance, unbreathing
a: Bend Time, Renounce Religion


You were on level 3 of the Dungeon.
You worshipped Cheibriados.
Cheibriados was noncommittal.
You were not hungry.

You visited 1 branch of the dungeon, and saw 3 of its levels.

You collected 96 gold pieces.

Inventory:

Hand Weapons
 a - a +0 flail (weapon)
Armour
 b - a +0 scale mail (worn)
 c - a +0 shield (worn)
 l - a +0 pair of boots (worn)
Jewellery
 f - an uncursed amulet of harm {unknown}
Scrolls
 d - a scroll of identify {unknown}
 e - a scroll of noise {unknown}
 g - 2 scrolls of remove curse {unknown}
 h - a scroll of amnesia {unknown}
 i - a scroll of random uselessness {unknown}
 j - a scroll of teleportation {unknown}
 k - a scroll of enchant armour {unknown}
 m - a scroll of immolation {unknown}


   Skills:
 * Level 3.8 Fighting
 + Level 2.1 Maces & Flails
 + Level 2.8 Armour
 + Level 2.9 Shields


You had 3 spell levels left.
You didn't know any spells.
Your spell library was empty.

Dungeon Overview and Level Annotations

Branches:
Dungeon (3/15)

Altars:
Cheibriados
Dithmenos
Fedhas
Uskayaw


Innate Abilities, Weirdness & Mutations

You do not eat or drink.
Your flesh is vulnerable to fire.
You are immune to poison.
Your flesh is cold resistant. (rC+)
You are immune to negative energy. (rN+++)
You are immune to unholy pain and torment.
You can survive without breathing.


Message History

The bat hits you but does no damage. The worm bites you!
* * * LOW HITPOINT WARNING * * *
You are too injured to fight recklessly!
You are too injured to fight recklessly!
You fail to use your ability.
The worm barely misses you. The bat barely misses you.
The bat barely misses you.
You hit the worm.
The worm is heavily wounded.
You barely miss the worm.
The worm is heavily wounded.
The worm bites you but does no damage.
You hit the worm.
The worm is severely wounded.
The worm bites you!
* * * LOW HITPOINT WARNING * * *
You hit the worm.
The worm is severely wounded.
The worm bites you!
You die...

#......#
#......#
###......#
.#......###
'.........
#.........
#.b....#
#####w# ..#.#
#....@# ...#..
#.##..# ......
#...# .....
####...#####
#...
............#
#...
..#...#.#.###.#
#...
#..#.#.#.#.#
#.# #...
%.#.....#.###.#
#.##
#...#.###.....#
#######.#


You could see a worm and a bat.

Vanquished Creatures
  2 adders
  A worm (D:2)
  3 leopard geckos
  3 orcs
  6 bats
  4 giant cockroaches
  8 goblins
  6 hobgoblins
  2 jackals (D:1)
  6 kobolds
  2 frilled lizards
  4 rats
47 creatures vanquished.

Notes
Turn   | Place    | Note
-------+----------+-------------------------------------------
     0 | D:1      | Htamos the Mummy Fighter began the quest for the Orb.
     0 | D:1      | Reached XP level 1. HP: 18/18 MP: 1/1
    94 | D:1      | Reached XP level 2. HP: 24/24 MP: 2/2
   798 | D:1      | Reached XP level 3. HP: 29/29 MP: 3/3
  1076 | D:2      | Found a blossoming altar of Fedhas.
  1109 | D:2      | Found a snail-covered altar of Cheibriados.
  1131 | D:2      | Became a worshipper of Cheibriados the Contemplative
  1145 | D:2      | Found a shadowy altar of Dithmenos.
  1428 | D:2      | Found a hide-covered altar of Uskayaw.
  2209 | D:3      | Reached XP level 4. HP: 34/37 MP: 4/4
  2363 | D:3      | Slain by a worm

Vault maps used:
D:1:      mrwooster_arrival_arrow, hangedman_decor_peaks_small,
          minmay_misc_feat_enclosed
D:2:      eat_drink_and_be_merry_uskayaw, minitemple, fedhas_altar_1

Skill      XL: |  1  2  3 |
---------------+----------+-----
Maces & Flails | 2 |  2.1
Fighting       | |  3.8
Armour         | |  2.8
Shields        | |  2.9

Action                   |  1- 3 |  4- 6 || total
-------------------------+-------+-------++-------
Melee: Flail             |   171 |    25 ||   196
Armor: Scale mail        |    96 |    11 ||   107
Dodge: Dodged            |    68 |    14 ||    82
Block: Shield            |    84 |    13 ||    97

Table legend:
 A = Spawn XP
 B = Non-spawn XP
 C = Spawn XP percentage of total XP
 D = Spawn monster count
 E = Non-spawn monster count
 F = Spawn count percentage of total count
 G = Total turns spent on level
                    A         B        C        D         E        F      G
               +---------+---------+-------+---------+---------+-------+---------
         Total |       0 |     113 |   0.0 |       0 |      47 |   0.0 |  2363
               +---------+---------+-------+---------+---------+-------+---------
           D:1 |       0 |      46 |   0.0 |       0 |      26 |   0.0 |  1074
           D:2 |       0 |      39 |   0.0 |       0 |      11 |   0.0 |   893
           D:3 |       0 |      28 |   0.0 |       0 |      10 |   0.0 |   396
               +---------+---------+-------+---------+---------+-------+---------
